SNL (28 & UNDER)
WICHITA WRANGLERS @ WEST VIRGINIA POWER
08/24/2027
 
TOP OF THE 1ST
Wichita Wranglers batting - Pitching for West Virginia Power : RHP Ron Crawford
Pitching: RHP Ron Crawford
Batting: RHB Jorge Barbosa 0-0: Ball
1-0: Called Strike
1-1: Ball
2-1: Called Strike
2-2: Strikes out looking
Batting: RHB James Stevens 0-0: Ball
1-0: Foul Ball, location: 2F
1-1: Ball
2-1: DOUBLE (Line Drive, 8RD)
Pinch Runner at 2nd Santiago Morales:
Batting: LHB Alfredo Sánchez 0-0: Called Strike
0-1: Ball
1-1: Ground out 4-3 (Groundball, 4M)
Santiago Morales to third
Batting: RHB Tom Gordon 0-0: SINGLE (Groundball, 4MD)
Santiago Morales scores
Batting: RHB José López 0-0: Ball
1-0: SINGLE (Line Drive, 9S)
Tom Gordon to second
Batting: RHB Oliver Todd 0-0: Ball
1-0: Called Strike
1-1: Swinging Strike
1-2: Ball
2-2: Ball
3-2: Foul Ball, location: 2F
3-2: Foul Ball, location: 2F
3-2: Foul Ball, location: 2F
3-2: Strikes out looking
Top of the 1st over - 1 run(s), 3 hit(s), 0 error(s), 2 left on base; Wichita 1 - West Virginia 0
BOTTOM OF THE 1ST
West Virginia Power batting - Pitching for Wichita Wranglers : RHP Jeff Valdés
Pitching: RHP Jeff Valdés
Now in CF: Santiago Morales
Batting: RHB Pablo Sandoval 0-0: Ball
1-0: Ball
2-0: Foul Ball, location: 2F
2-1: Ball
3-1: Foul Ball, location: 2F
3-2: SINGLE (Line Drive, 6M)
Batting: LHB Héctor Cruz 0-0: Ball
Pablo Sandoval is caught stealing 2nd base
1-0: Swinging Strike
1-1: Ball
2-1: Foul Ball, location: 2F
2-2: Foul Ball, location: 2F
2-2: SINGLE (Groundball, 56D)
Batting: RHB Nick Harris 0-0: Ball
1-0: Called Strike
1-1: Foul Ball, location: 2F
1-2: Foul Ball, location: 2F
1-2: Ball
2-2: Ball
3-2: SINGLE (Flyball, 9LS)
Héctor Cruz to second
Runner from 2nd tries for 3rd, SAFE, throw made to third
Batting: RHB Gonzalo Gil 0-0: Ball
1-0: Fly out, F7 (Flyball, 7S)
Batting: SHB Waylon Adams 0-0: Ball
1-0: Ball
2-0: Swinging Strike
2-1: Ball
3-1: Foul Ball, location: 2F
3-2: DOUBLE (Flyball, 8RXD)
Héctor Cruz scores
Nick Harris to third
Batting: RHB Mike Ingram 0-0: Reached on error, E5 (Groundball, 56)
Nick Harris scores
Waylon Adams to third
Batting: LHB Héctor Soto 0-0: Ball
Mike Ingram is caught stealing 2nd base
Bottom of the 1st over - 2 run(s), 4 hit(s), 1 error(s), 0 left on base; Wichita 1 - West Virginia 2
TOP OF THE 2ND
Wichita Wranglers batting - Pitching for West Virginia Power : RHP Ron Crawford
Batting: LHB Richard Hinkle 0-0: Swinging Strike
0-1: Ball
1-1: Swinging Strike
1-2: Foul Ball, location: 2F
1-2: Strikes out swinging
Batting: RHB Rusty Bennett 0-0: Called Strike
0-1: Ball
1-1: Foul Ball, location: 2F
1-2: Ball
2-2: Strikes out swinging
Batting: SHB Wayne Matthews 0-0: Called Strike
0-1: Foul Ball, location: 2F
0-2: Strikes out swinging
Top of the 2nd over - 0 run(s), 0 hit(s), 0 error(s), 0 left on base; Wichita 1 - West Virginia 2
BOTTOM OF THE 2ND
West Virginia Power batting - Pitching for Wichita Wranglers : RHP Jeff Valdés
Batting: LHB Héctor Soto 0-0: Ball
1-0: Swinging Strike
1-1: Ball
2-1: Swinging Strike
2-2: Ball
3-2: DOUBLE (Line Drive, 78D)
Batting: RHB Blair Whitehead 0-0: Fly out, F9 (Flyball, 9S)
Batting: RHB Javier Peña 0-0: Fly out, F8 (Flyball, 89M)
Batting: RHB Pablo Sandoval 0-0: Ball
Error on foul ball, E2
1-1: Ball
2-1: TRIPLE (Line Drive, 9LM)
Héctor Soto scores
Batting: LHB Héctor Cruz 0-0: Called Strike
0-1: Ball
1-1: Ball
2-1: Called Strike
2-2: Ground out 6-3 (Groundball, 6)
Bottom of the 2nd over - 1 run(s), 2 hit(s), 1 error(s), 1 left on base; Wichita 1 - West Virginia 3
TOP OF THE 3RD
Wichita Wranglers batting - Pitching for West Virginia Power : RHP Ron Crawford
Batting: RHB Jorge Barbosa 0-0: Ball
1-0: Swinging Strike
1-1: Swinging Strike
1-2: Strikes out swinging
Batting: RHB Santiago Morales 0-0: Foul Ball, location: 2F
0-1: Called Strike
0-2: Strikes out swinging, 2-3 out at first.
Batting: LHB Alfredo Sánchez 0-0: Ball
1-0: Swinging Strike
1-1: Foul Ball, location: 2F
1-2: Ball
2-2: Ball
3-2: Base on Balls
Batting: RHB Tom Gordon 0-0: Ball
1-0: Ball
2-0: Fielders Choice at 2nd, 4-6 (Groundball, 4)
Top of the 3rd over - 0 run(s), 0 hit(s), 0 error(s), 0 left on base; Wichita 1 - West Virginia 3
BOTTOM OF THE 3RD
West Virginia Power batting - Pitching for Wichita Wranglers : RHP Jeff Valdés
Batting: RHB Nick Harris 0-0: Ball
1-0: Ball
2-0: Ball
3-0: DOUBLE (Line Drive, 9LM)
Batting: RHB Gonzalo Gil 0-0: Foul Ball, location: 2F
0-1: Ball
1-1: Foul Ball, location: 2F
1-2: Ball
2-2: Ball
3-2: Base on Balls
Batting: SHB Waylon Adams 0-0: Called Strike
0-1: Called Strike
0-2: Ball
1-2: Ball
2-2: Fly out, F7 (Flyball, 78S)
Batting: RHB Mike Ingram 0-0: Called Strike
0-1: Swinging Strike
0-2: Ball
1-2: Foul Ball, location: 2F
1-2: Ball
2-2: Fly out, F8 (Flyball, 89S)
Batting: LHB Héctor Soto 0-0: Called Strike
0-1: Foul Ball, location: 2F
0-2: Foul Ball, location: 2F
0-2: Foul Ball, location: 2F
0-2: 3-RUN HOME RUN (Flyball, 7LD), Distance : 325 ft
Batting: RHB Blair Whitehead 0-0: Ball
1-0: Fly out, F8 (Flyball, 8LM)
Bottom of the 3rd over - 3 run(s), 2 hit(s), 0 error(s), 0 left on base; Wichita 1 - West Virginia 6
TOP OF THE 4TH
Wichita Wranglers batting - Pitching for West Virginia Power : RHP Ron Crawford
Batting: RHB José López 0-0: Foul Ball, location: 2F
0-1: Ball
1-1: Ball
2-1: Foul Ball, location: 2F
2-2: Strikes out swinging
Batting: RHB Oliver Todd 0-0: Ground out 5-3 (Groundball, 5L)
Batting: LHB Richard Hinkle 0-0: Called Strike
0-1: Ball
1-1: Swinging Strike
1-2: Strikes out swinging
Top of the 4th over - 0 run(s), 0 hit(s), 0 error(s), 0 left on base; Wichita 1 - West Virginia 6
BOTTOM OF THE 4TH
West Virginia Power batting - Pitching for Wichita Wranglers : RHP Jeff Valdés
Batting: RHB Javier Peña 0-0: Ball
1-0: Swinging Strike
1-1: Swinging Strike
1-2: Ball
2-2: Foul Ball, location: 2F
2-2: Strikes out swinging
Batting: RHB Pablo Sandoval 0-0: Swinging Strike
0-1: Called Strike
0-2: Foul Ball, location: 2F
0-2: Foul Ball, location: 2F
0-2: Foul Ball, location: 2F
0-2: Ball
1-2: Ground out 5-3 (Groundball, 56S)
Batting: LHB Héctor Cruz 0-0: Ball
1-0: Called Strike
1-1: Swinging Strike
1-2: Fly out, F2 (Popup, 3S)
Bottom of the 4th over - 0 run(s), 0 hit(s), 0 error(s), 0 left on base; Wichita 1 - West Virginia 6
TOP OF THE 5TH
Wichita Wranglers batting - Pitching for West Virginia Power : RHP Ron Crawford
Batting: RHB Rusty Bennett 0-0: Called Strike
0-1: Foul Ball, location: 2F
0-2: Ball
1-2: Foul Ball, location: 2F
1-2: Foul Ball, location: 2F
1-2: Strikes out swinging
Batting: SHB Wayne Matthews 0-0: SINGLE (Line Drive, 8RS)
Batting: RHB Jorge Barbosa 0-0: Called Strike
Wayne Matthews steals 2nd base
0-1: Hit by Pitch
Batting: RHB Santiago Morales 0-0: Called Strike
0-1: Ball
1-1: Ball
2-1: Swinging Strike
2-2: Foul Ball, location: 2F
2-2: Strikes out swinging
Batting: LHB Alfredo Sánchez 0-0: Called Strike
0-1: Foul Ball, location: 2F
0-2: Ball
1-2: Foul Ball, location: 2F
1-2: Strikes out swinging
Top of the 5th over - 0 run(s), 1 hit(s), 0 error(s), 2 left on base; Wichita 1 - West Virginia 6
BOTTOM OF THE 5TH
West Virginia Power batting - Pitching for Wichita Wranglers : RHP Jeff Valdés
Pitching: LHP Jeff Jackson
Batting: RHB Nick Harris 0-0: Ball
1-0: Foul Ball, location: 2F
1-1: Foul Ball, location: 2F
1-2: Foul Ball, location: 2F
1-2: Foul Ball, location: 2F
1-2: Ball
2-2: Foul Ball, location: 2F
2-2: Ball
3-2: Ground out 6-3 (Groundball, 6)
Batting: RHB Gonzalo Gil 0-0: Called Strike
0-1: Called Strike
0-2: DOUBLE (Flyball, 78D)
Batting: SHB Waylon Adams 0-0: Ball
Gonzalo Gil is caught stealing 3rd base
1-0: Called Strike
1-1: Foul Ball, location: 2F
1-2: Ball
2-2: Ball
3-2: Ground out 5-3 (Groundball, 56S)
Bottom of the 5th over - 0 run(s), 1 hit(s), 0 error(s), 0 left on base; Wichita 1 - West Virginia 6
TOP OF THE 6TH
Wichita Wranglers batting - Pitching for West Virginia Power : RHP Ron Crawford
Batting: RHB Tom Gordon 0-0: Ball
1-0: SINGLE (Line Drive, 34)
Batting: RHB José López 0-0: Grounds into double play, 5-4-3 (Groundball, 56)
Batting: RHB Oliver Todd 0-0: Foul Ball, location: 2F
0-1: Swinging Strike
0-2: Strikes out looking
Top of the 6th over - 0 run(s), 1 hit(s), 0 error(s), 0 left on base; Wichita 1 - West Virginia 6
BOTTOM OF THE 6TH
West Virginia Power batting - Pitching for Wichita Wranglers : LHP Jeff Jackson
Batting: RHB Mike Ingram 0-0: Foul Ball, location: 2F
0-1: Ground out 6-3 (Groundball, 56)
Batting: LHB Héctor Soto 0-0: Called Strike
0-1: Ball
1-1: Ball
2-1: Foul Ball, location: 2F
2-2: Foul Ball, location: 2F
2-2: Ball
3-2: Foul Ball, location: 2F
3-2: Base on Balls
Batting: RHB Blair Whitehead 0-0: Grounds into double play, 4-6-3 (Groundball, 4)
Bottom of the 6th over - 0 run(s), 0 hit(s), 0 error(s), 0 left on base; Wichita 1 - West Virginia 6
TOP OF THE 7TH
Wichita Wranglers batting - Pitching for West Virginia Power : RHP Ron Crawford
Batting: LHB Richard Hinkle 0-0: Called Strike
0-1: Foul Ball, location: 2F
0-2: Fly out, F8 (Flyball, 8LD)
Batting: RHB Rusty Bennett 0-0: Called Strike
0-1: Ball
1-1: SINGLE (Flyball, 89S)
Pitching: LHP John Helms
Batting: SHB Wayne Matthews 0-0: Swinging Strike
0-1: Called Strike
0-2: Foul Ball, location: 2F
0-2: Strikes out looking
Batting: RHB Jorge Barbosa 0-0: Ball
1-0: Ball
2-0: Called Strike
2-1: Foul Ball, location: 2F
2-2: Strikes out looking
Top of the 7th over - 0 run(s), 1 hit(s), 0 error(s), 1 left on base; Wichita 1 - West Virginia 6
BOTTOM OF THE 7TH
West Virginia Power batting - Pitching for Wichita Wranglers : LHP Jeff Jackson
Batting: RHB Javier Peña 0-0: Called Strike
0-1: Ball
1-1: Ball
2-1: Foul Ball, location: 2F
2-2: Foul Ball, location: 2F
2-2: Reached via error on a dropped throw, E3
Batting: RHB Pablo Sandoval 0-0: Called Strike
0-1: SINGLE (Line Drive, 56)
Javier Peña to second
Batting: LHB Héctor Cruz 0-0: Sac Bunt - play at first, batter OUT! 1-3
Javier Peña to third
Pablo Sandoval to second
Batting: RHB Nick Harris 0-0: Foul Ball, location: 2F
0-1: Fly out, F9 (Flyball, 9S)
Runner from 3rd tags up, SCORES, throw made
Batting: RHB Gonzalo Gil 0-0: Swinging Strike
0-1: Ball
1-1: Ball
2-1: Foul Ball, location: 2F
2-2: Ground out 6-3 (Groundball, 6S)
Bottom of the 7th over - 1 run(s), 1 hit(s), 1 error(s), 1 left on base; Wichita 1 - West Virginia 7
TOP OF THE 8TH
Wichita Wranglers batting - Pitching for West Virginia Power : LHP John Helms
Batting: RHB Santiago Morales 0-0: Ball
1-0: Foul Ball, location: 2F
1-1: Foul Ball, location: 2F
1-2: Strikes out looking
Batting: LHB Alfredo Sánchez 0-0: Ball
1-0: Ball
2-0: Called Strike
2-1: Called Strike
2-2: Fly out, F7 (Flyball, 7LS)
Batting: RHB Tom Gordon 0-0: Ball
1-0: Foul Ball, location: 2F
1-1: Ball
2-1: Ball
3-1: Base on Balls
Batting: RHB José López 0-0: Called Strike
0-1: Foul Ball, location: 2F
0-2: Strikes out swinging
Top of the 8th over - 0 run(s), 0 hit(s), 0 error(s), 1 left on base; Wichita 1 - West Virginia 7
BOTTOM OF THE 8TH
West Virginia Power batting - Pitching for Wichita Wranglers : LHP Jeff Jackson
Batting: SHB Waylon Adams 0-0: Called Strike
0-1: Ball
1-1: Swinging Strike
1-2: SINGLE (Groundball, 34D)
Batting: RHB Mike Ingram 0-0: Ball
1-0: Foul Ball, location: 2F
1-1: Fly out, F4 (Line Drive, 4M)
Lined into DP, 4-3 (Line Drive, 4M)
Batting: LHB Héctor Soto 0-0: Ball
1-0: Called Strike
1-1: Called Strike
1-2: Ball
2-2: Ball
3-2: Fly out, F5 (Popup, 5L)
Bottom of the 8th over - 0 run(s), 1 hit(s), 0 error(s), 0 left on base; Wichita 1 - West Virginia 7
TOP OF THE 9TH
Wichita Wranglers batting - Pitching for West Virginia Power : LHP John Helms
Now at 1B: Jesse McKnight
Batting: RHB Oliver Todd 0-0: Called Strike
0-1: Ball
1-1: Ground out 6-3 (Groundball, 6S)
Batting: LHB Richard Hinkle 0-0: Called Strike
0-1: Called Strike
0-2: Ball
1-2: Strikes out swinging, 2-3 out at first.
Batting: RHB Rusty Bennett 0-0: Called Strike
0-1: Ball
1-1: Swinging Strike
1-2: Strikes out looking
Top of the 9th over - 0 run(s), 0 hit(s), 0 error(s), 0 left on base; Wichita 1 - West Virginia 7
Thursday, March 30th, 2017 - OOTP Baseball 17.12 Build 75